Map: Catalizador EJ

Players

Crodex - Winner!

  • Race: Zerg Zerg
  • League: Platinum
  • Spawn Location: 5:00

Aladinsane

  • Race: Protoss Protoss
  • Spawn Location: 11:00

VOD

Have the link to the VOD?

Description

Time

  • Played on: Dec. 25, 2017, 7:42 a.m.
  • Length: 21:54
Show
View Real Time Build Order
Export as new Build Order

Crodex Zerg - Winner!

Build Orders: Pool First 

Get SALT Encoding   

  12  0:01  Drone  
  13  0:08  Drone  
  14  0:16  Overlord  
  14  0:22  Extractor  
  14  0:24  Drone  
  15  0:36  Drone x2  
  17  0:45  Drone  
  18  0:50  Spawning Pool  
  18  0:54  Drone  
  18  1:15  Drone  
  19  1:20  Drone  
  19  1:21  Hatchery  
  19  1:23  Extractor  
  18  1:29  Drone  
  19  1:37  Queen  
  21  1:45  Zergling x2  
  22  1:51  Overlord  
  22  2:05  Overlord  
  22  2:17  Overlord  
  22  2:20  Queen  
  24  2:23  Drone  
  24  2:29  Metabolic Boost  
  25  2:31  Drone  
  25  2:35  Drone  
  25  2:37  Queen  
  29  2:51  Drone x4  
  31  2:54  Overlord  
  33  3:01  Overlord  
  33  3:03  Drone  
  34  3:09  Drone  
  35  3:19  Drone x2  
  37  3:39  Overlord x2  
  37  3:41  Drone x5  
  42  3:48  Spine Crawler  
  42  3:49  Spine Crawler  
  42  3:51  Drone x2  
  42  3:58  Roach Warren  
  41  4:16  Overlord  
  41  4:19  Zergling x2  
  41  4:20  Zergling x8  
  46  4:29  Drone x5  
  51  4:32  Extractor  
  51  4:33  Extractor  
  51  4:37  Drone x2  
  51  4:45  Lair  
  51  4:48  Overlord  
  51  4:49  Overlord, Evolution Chamber  
  51  4:50  Hatchery, Drone  
  50  5:10  Roach x4, Drone x2  
  52  5:37  Spore Crawler  
  52  5:39  Spore Crawler  
  50  5:44  Glial Reconstitution  
  50  5:45  Zerg Missile Weapons Level 1  
  50  5:46  Roach  
  50  5:47  Roach x6  
  64  5:56  Drone  
  64  5:57  Drone x6  
  71  6:15  Queen  
  71  6:16  Drone x5  
  78  6:25  Zergling x4, Roach  
  82  6:26  Roach  
  84  6:33  Overlord x2  
  84  6:47  Spore Crawler  
  68  7:28  Zergling x2, Roach, Overlord x3  
  68  7:29  Zergling x4, Roach x2, Drone x3  
  81  7:30  Drone x4  
  80  7:42  Zerg Missile Weapons Level 2  
  80  7:46  Queen  
  82  8:04  Zergling x8, Roach x3  
  82  8:05  Zergling x2, Roach  
  95  8:15  Extractor  
  95  8:16  Overlord x2, Drone x5  
  95  8:18  Extractor, Hatchery  
  97  8:30  Zergling x4, Roach x2  
  97  8:33  Ravager x7  
  97  8:34  Ravager x3  
  113  8:38  Burrow  
  113  8:42  Infestation Pit  
  103  9:26  Zergling x8, Roach x5  
  103  9:27  Zergling x8, Roach x4  
  97  9:51  Zergling x4, Roach  
  97  9:52  Zergling x10, Roach x7  
  120  10:00  Zerg Ground Armor Level 1  
  120  10:05  Queen  
  122  10:08  Drone x6  
  126  10:20  Spore Crawler x2  
  124  10:33  Zergling x12, Roach x7  
  124  10:34  Roach  
  143  11:00  Zergling x6, Roach x2, Drone  
  143  11:01  Zergling x4, Roach x3  
  159  11:07  Overlord x3  
  156  11:21  Overlord  
  156  11:22  Overlord x3  
  156  11:30  Spire  
  156  11:31  Hive  
  155  11:37  Drone x2  
  155  11:38  Overlord x3, Drone x2  
  161  11:54  Ravager x4  
  161  11:55  Ravager x2  
  165  12:06  Drone  
  165  12:07  Overlord x2, Drone x5  
  165  12:08  Drone x2  
  173  12:10  Extractor  
  173  12:11  Extractor, Zergling x6, Roach  
  173  12:12  Roach x2  
  173  12:14  Infestor  
  182  12:17  Infestor  
  184  12:23  Zerg Ground Armor Level 2  
  180  13:06  Zerg Flyer Weapons Level 1  
  180  13:07  Corruptor, Mutalisk x3  
  180  13:08  Infestor x4  
  180  13:09  Zergling x2, Infestor x2  
  180  13:10  Roach  
  199  13:22  Overlord x4  
  170  14:02  Zergling x8, Roach x3  
  175  14:03  Zergling x14, Roach x8  
  175  14:04  Roach  
  175  14:08  Hydralisk Den  
  197  14:21  Roach  
  199  14:46  Hatchery  
  198  15:06  Infestor x4  
  198  15:07  Drone  
  199  15:12  Overseer  
  199  15:23  Roach  
  199  15:29  Hatchery  
  170  16:09  Zergling x10, Roach x4  
  170  16:10  Zergling x14, Roach x4  
  170  16:11  Zergling x2, Roach x3  
  111  16:33  Zergling x8, Roach x4  
  111  16:37  Zerg Flyer Armor Level 1  
  111  16:39  Zerg Ground Armor Level 3  
  117  16:40  Queen  
  119  16:48  Queen  
  119  16:53  Zergling x6, Roach x3  
  130  16:54  Ravager x3  
  130  16:55  Ravager x7  
  130  16:56  Ravager  
  130  16:57  Infestor x3  
  147  17:17  Corruptor x3, Mutalisk x3  
  147  17:18  Zergling x2  
  147  17:19  Zergling x4, Roach x4  
  170  17:29  Evolution Chamber  
  169  18:05  Hatchery  
  164  18:12  Zergling x10, Roach x5  
  179  18:13  Zergling x16, Roach x6  
  173  18:49  Corruptor x3, Mutalisk x2  
  173  18:50  Corruptor x5, Mutalisk x5  
  150  19:30  Mutalisk x2, Corruptor x2  
  150  19:31  Corruptor x3, Mutalisk x2  
  153  19:50  Corruptor, Mutalisk  
  157  20:05  Extractor  
  156  20:08  Extractor  
  155  20:16  Mutalisk, Corruptor x2, Roach  
  155  20:18  Zergling x8  
  155  20:19  Zergling x14  
  155  20:20  Zergling x16  
  155  20:21  Zergling x4  
  184  20:39  Greater Spire  
  172  21:36  Zergling x4  
  172  21:37  Zergling x14  
Show
View Real Time Build Order
Export as new Build Order

Aladinsane Protoss 

Build Orders: 1 Gate Expand 

Get SALT Encoding   

  12  0:01  Probe  
  13  0:13  Probe  
  14  0:24  Pylon  
  14  0:25  Probe  
  15  0:42  Probe (Chrono Boost)  
  16  0:45  Gateway  
  16  0:54  Assimilator, Probe (Chrono Boost)  
  17  1:00  Probe (Chrono Boost)  
  18  1:08  Probe  
  19  1:23  Nexus  
  19  1:32  Cybernetics Core  
  19  1:37  Zealot  
  21  1:43  Probe  
  22  1:55  Probe  
  22  2:24  Pylon  
  22  2:26  Pylon  
  22  2:35  Gateway, Adept  
  25  2:37  Probe (Chrono Boost)  
  25  2:38  Probe (Chrono Boost)  
  26  2:48  Warp Gate  
  26  2:50  Assimilator, Probe (Chrono Boost)  
  28  2:52  Probe (Chrono Boost)  
  29  2:58  Probe (Chrono Boost)  
  29  3:00  Probe (Chrono Boost)  
  31  3:07  Probe (Chrono Boost)  
  31  3:08  Probe (Chrono Boost)  
  32  3:13  Robotics Facility  
  32  3:16  Probe (Chrono Boost)  
  34  3:22  Probe (Chrono Boost)  
  34  3:31  Probe (Chrono Boost)  
  36  3:34  Probe (Chrono Boost)  
  36  3:35  Pylon  
  36  3:38  Probe (Chrono Boost)  
  38  3:42  Probe (Chrono Boost)  
  38  3:43  Probe (Chrono Boost)  
  38  3:46  Stargate  
  39  3:50  Assimilator  
  39  3:52  Assimilator  
  39  3:53  Probe  
  39  3:55  Probe  
  41  4:05  Probe  
  41  4:07  Probe  
  44  4:17  Probe  
  44  4:27  Oracle (Chrono Boost)  
  45  4:37  Pylon, Probe (Chrono Boost)  
  46  4:39  Pylon  
  46  4:47  Immortal  
  46  4:49  Probe (Chrono Boost)  
  51  4:54  Probe (Chrono Boost)  
  51  4:57  Oracle  
  56  5:01  Twilight Council  
  56  5:03  Probe (Chrono Boost)  
  56  5:04  Probe (Chrono Boost)  
  57  5:08  Gateway  
  57  5:10  Gateway  
  57  5:11  Probe (Chrono Boost)  
  57  5:12  Probe (Chrono Boost), Gateway  
  59  5:16  Pylon  
  59  5:18  Pylon  
  59  5:47  Stalker x2  
  63  5:51  Immortal  
  63  5:53  Oracle  
  70  5:59  Pylon  
  70  6:02  Pylon  
  70  6:06  Pylon  
  70  6:08  Gateway  
  70  6:10  Gateway  
  70  6:12  Charge (Chrono Boost), Gateway  
  70  6:18  Nexus  
  70  6:30  Immortal  
  74  6:44  Stalker x5  
  84  6:52  Forge  
  84  6:54  Templar Archives  
  84  6:57  Forge  
  69  7:19  Stalker  
  69  7:20  Stalker x5  
  75  7:31  Stalker x2  
  79  7:52  Probe  
  80  8:01  Pylon  
  80  8:02  Protoss Ground Weapons Level 1 (Chrono Boost)  
  80  8:04  Pylon, Probe  
  81  8:07  Protoss Shields Level 1 (Chrono Boost)  
  81  8:10  Pylon  
  81  8:14  Stalker  
  81  8:16  Stalker  
  81  8:17  Probe  
  81  8:18  Zealot x5  
  96  8:27  Psionic Storm, Assimilator  
  96  8:29  Probe  
  96  8:32  Pylon, Assimilator  
  97  8:35  Pylon  
  97  8:47  Zealot x3  
  97  8:48  Zealot x2  
  107  8:51  Warp Prism (Chrono Boost)  
  109  9:19  Stalker x4  
  109  9:20  Stalker x3  
  101  9:34  Stalker  
  91  9:46  Protoss Ground Armor Level 1 (Chrono Boost)  
  91  9:50  Stalker x3  
  91  9:51  Stalker x2  
  101  10:00  Zealot  
  101  10:01  Zealot x2  
  101  10:19  Zealot x4  
  101  10:20  Zealot  
  111  10:37  Protoss Ground Weapons Level 2 (Chrono Boost)  
  111  10:44  High Templar  
  111  10:45  High Templar  
  111  10:46  Nexus, Zealot x2  
  111  10:47  Pylon  
  111  10:49  Pylon  
  119  10:52  Assimilator  
  119  10:57  Assimilator  
  117  11:03  Stalker x4  
  125  11:20  Observer  
  126  11:31  Stalker x3  
  126  11:32  Stalker x4  
  138  11:33  Protoss Shields Level 2 (Chrono Boost)  
  140  11:40  High Templar  
  142  12:01  Zealot x2  
  142  12:02  Zealot x5  
  156  12:15  Stargate  
  156  12:18  Stargate  
  150  12:31  Stalker x3  
  150  12:32  Stalker  
  158  12:48  Zealot x4  
  166  13:00  Probe  
  167  13:13  Probe  
  168  13:21  Protoss Ground Weapons Level 3 (Chrono Boost)  
  168  13:25  Probe  
  169  13:28  High Templar x2  
  169  13:29  High Templar x6  
  169  13:32  Archon x2  
  169  13:33  Archon x2  
  185  13:36  Protoss Ground Armor Level 2 (Chrono Boost)  
  185  13:37  Probe  
  178  13:49  Probe  
  157  14:17  High Templar x5  
  157  14:22  Pylon  
  167  14:29  Archon x2  
  167  14:35  Probe  
  167  14:38  Pylon  
  168  14:40  Blink (Chrono Boost)  
  168  14:47  Probe  
  169  15:01  Zealot  
  169  15:02  Zealot x7  
  169  15:33  Void Ray x3 (Chrono Boost)  
  169  15:42  Probe  
  180  15:46  Stalker x3  
  180  15:47  Stalker x2  
  164  16:05  Stalker x2  
  164  16:06  Stalker  
  164  16:09  Void Ray x2  
  142  16:13  Stalker x4  
  142  16:14  Stalker  
  110  16:31  Stalker  
  95  16:33  Stalker x2  
  99  16:41  Zealot x3  
  99  16:42  Zealot  
  107  16:53  Void Ray (Chrono Boost)  
  107  16:54  Void Ray x2 (Chrono Boost)  
  119  17:07  Nexus  
  119  17:08  Zealot x2  
  119  17:09  Zealot x5  
  133  17:24  Probe  
  133  17:33  Zealot x6  
  133  17:36  Probe, Zealot  
  148  17:38  Zealot  
  150  17:48  Probe  
  150  17:49  Void Ray (Chrono Boost)  
  149  18:00  Probe  
  140  18:05  High Templar x2  
  140  18:06  High Templar x4  
  152  18:13  Zealot x2  
  156  18:27  Void Ray (Chrono Boost)  
  163  18:37  Zealot, Void Ray (Chrono Boost)  
  108  18:52  Zealot x3  
  108  18:53  Zealot x4  
  96  19:03  Zealot  
  92  19:15  Stalker x3  
  92  19:40  Stalker x5  
  94  19:48  Zealot x2  
  98  20:03  Assimilator, Probe  
  99  20:07  Assimilator  
  99  20:16  Probe  
  99  20:18  Zealot  
  102  20:26  Nexus  
  102  20:37  Zealot x2  
  102  20:38  Zealot x4  
  102  20:39  Zealot  
  116  20:56  Stalker  
  108  21:00  Stalker  
  108  21:01  Stalker x4  
  114  21:09  Probe (Chrono Boost)  
  116  21:20  Probe (Chrono Boost)  
  116  21:21  Stalker  
  116  21:25  Probe (Chrono Boost)  
  101  21:35  Probe  
Tags
 
Add a new tag
Caveats
  • Supply blocks, unpowered buildings, or Contaminate may cause inaccurate times.
  • Supply counts are checked every 10 seconds.